[Event "Titled Tuesday Blitz May 30 Early 2023"]
[White "Gil Alba, Hector Luis"]
[Black "Shuvalova, Polina"]
[WhiteFideId "3504670"]
[BlackFideId "24171760"]
[WhiteElo "2331"]
[BlackElo "2281"]
[Result "1-0"]
[Round "04"]
[TimeControl "180+2"]
[Date "2023.05.30"]
[WhiteClock "0:02:21"]
[BlackClock "0:01:10"]

1. e4 c5 2. Nf3 Nc6 3. Bb5 d6 4. O-O Bd7 5. c3 Nf6 6. Re1 a6 7. Bxc6 Bxc6 8. d4 cxd4 9. cxd4 Bxe4 10. Bg5 Bc6 11. Bxf6 gxf6 12. d5 Bd7 13. Nc3 Bg7 14. Nd4 f5 15. Ne6 Bxe6 16. dxe6 fxe6 17. Rxe6 O-O 18. Nd5 Rf7 19. Qe2 Qa5 20. Nxe7+ Kh8 21. Qh5 Qc5 22. Qxf7 1-0


[Site "https://www.chess.com"]

[Event "Titled Tuesday Blitz May 30 Early 2023"]
[White "Srdanovic, Jovana"]
[Black "Rendle, Thomas E"]
[WhiteFideId "954810"]
[BlackFideId "408760"]
[WhiteElo "2169"]
[BlackElo "2428"]
[Result "0-1"]
[Round "04"]
[TimeControl "180+2"]
[Date "2023.05.30"]
[WhiteClock "0:00:04"]
[BlackClock "0:00:18"]

1. d4 Nf6 2. c4 e6 3. Nf3 d5 4. Nc3 Be7 5. Bg5 O-O 6. cxd5 exd5 7. e3 c6 8. Bd3 Bg4 9. Qc2 h6 10. Bh4 Nbd7 11. h3 Be6 12. O-O Re8 13. Rab1 Bd6 14. Rfe1 g5 15. Bg3 Bxg3 16. fxg3 Qc7 17. g4 Kg7 18. e4 dxe4 19. Nxe4 Nxe4 20. Bxe4 Nf6 21. a3 Nxe4 22. Rxe4 Bd5 23. Rxe8 Rxe8 24. Ne5 Qb6 25. Qf2 f6 26. Nd7 Qd8 27. Nc5 b6 28. Nd3 Re4 29. Ne1 Qe7 30. Nf3 Re2 31. Qg3 Qe3+ 32. Kh1 Kg6 33. Rf1 Rxb2 34. Nh4+ gxh4 35. Qxe3 Rxg2 36. Qd3+ Kg7 37. Rf3 Rg3 38. Kh2 Bxf3 39. Qd2 Bd5 40. Qe1 Rg2+ 41. Kh1 Re2+ 42. Kg1 Rxe1+ 43. Kf2 Re4 44. Kf3 Rxd4+ 0-1


[Site "https://www.chess.com"]

[Event "Titled Tuesday Blitz May 30 Early 2023"]
[White "KorolDimitriy75"]
[Black "Veiga, Jose Francisco R P Neves"]
[BlackFideId "1930087"]
[WhiteElo "2423"]
[BlackElo "2320"]
[Result "0-1"]
[Round "04"]
[TimeControl "180+2"]
[Date "2023.05.30"]
[WhiteClock "0:00:00"]
[BlackClock "0:01:21"]

1. d4 Nf6 2. c4 e6 3. Nc3 Bb4 4. Qc2 O-O 5. e4 d5 6. cxd5 exd5 7. e5 Ne4 8. Bd3 c5 9. Ne2 Nc6 10. O-O Bf5 11. Nxe4 dxe4 12. Bxe4 Nxd4 13. Nxd4 Bxe4 14. Qxe4 Qxd4 15. Qxb7 Qxe5 16. Be3 Rab8 17. Qxa7 Qxb2 18. Bxc5 Ra8 19. Qb6 Rfb8 20. Qd6 Bxc5 21. Qxc5 Rxa2 22. Rxa2 Qxa2 23. h3 h6 24. Qe3 Qa4 25. Qg3 Re8 26. Qf3 Qc2 27. Qg3 Re6 28. Qf3 Rf6 29. Qg3 Rg6 30. Qf3 Rf6 31. Qg3 Qf5 32. Re1 Kh7 33. Qe3 Re6 34. Qd2 Rg6 35. Qe3 Qd5 36. Qe4 Qg5 37. Qf3 Rf6 38. Qe4+ g6 39. Qe3 Qf5 40. Qg3 h5 41. Qe3 h4 42. Rf1 Re6 43. Qd4 Re4 44. Qd8 Qf4 45. Qd7 Re5 0-1


[Site "https://www.chess.com"]

[Event "Titled Tuesday Blitz May 30 Early 2023"]
[White "Perez Rodriguez, Jennifer"]
[Black "Williams, Simon K"]
[WhiteFideId "3507831"]
[BlackFideId "404454"]
[WhiteElo "2116"]
[BlackElo "2468"]
[Result "0-1"]
[Round "04"]
[TimeControl "180+2"]
[Date "2023.05.30"]
[WhiteClock "0:00:00"]
[BlackClock "0:00:08"]

1. e4 g6 2. d4 Bg7 3. Nc3 d6 4. Nf3 a6 5. a4 b6 6. Bd3 Bb7 7. O-O e6 8. Re1 Nd7 9. Bf4 h6 10. h3 Ne7 11. Qd2 g5 12. Bg3 Ng6 13. Rad1 O-O 14. d5 e5 15. Nh2 Nf6 16. Ng4 Bc8 17. Nxf6+ Qxf6 18. f3 h5 19. Bf2 Nf4 20. Bf1 g4 21. hxg4 hxg4 22. Ne2 gxf3 23. Nxf4 exf4 24. gxf3 Qg5+ 25. Kh1 Kh7 26. Bg1 Rh8 27. Bh2 Kg8 28. Bc4 Kf8 29. Rg1 Qh6 30. Rxg7 Qxg7 31. Qxf4 Qh6 32. Qxh6+ Rxh6 33. Kg2 Bd7 34. Bf4 Rg6+ 35. Kf2 Bxa4 36. b3 Bb5 37. Bxb5 axb5 38. Be3 Ra2 39. Rd2 Ke7 40. f4 f5 41. e5 Rh6 42. Kg2 Ra8 43. Bd4 Rg8+ 44. Kf1 Rh1+ 45. Ke2 Rg2+ 46. Bf2 Rhh2 47. Kf3 Kd7 48. e6+ Ke7 49. Re2 Kf6 50. b4 Ke7 51. Rd2 Ke8 52. Re2 Rg4 53. Re3 Rh3+ 54. Ke2 Rxe3+ 55. Bxe3 Rg2+ 56. Kd3 Ke7 57. Bd4 Rg3+ 58. Be3 Rf3 59. Ke2 Rh3 60. Kd3 Rh2 61. Kd4 Rxc2 62. Kd3 Rc4 63. Bd4 Rxb4 64. Bf2 Rxf4 65. Ke3 Re4+ 66. Kf3 b4 67. Be1 b3 0-1


[Site "https://www.chess.com"]

[Event "Titled Tuesday Blitz May 30 Early 2023"]
[White "Mazurkiewicz, Michal"]
[Black "Ehlvest, Jaan"]
[WhiteFideId "1124943"]
[BlackFideId "4500016"]
[WhiteElo "2054"]
[BlackElo "2442"]
[Result "0-1"]
[Round "04"]
[TimeControl "180+2"]
[Date "2023.05.30"]
[WhiteClock "0:01:18"]
[BlackClock "0:01:02"]

1. e4 g6 2. d4 Bg7 3. Nc3 c6 4. f4 Qb6 5. Nf3 d5 6. exd5 Nh6 7. dxc6 Nxc6 8. Bb5 O-O 9. Bxc6 bxc6 10. Na4 Qb5 11. c3 Bg4 12. Nc5 Nf5 13. Qd3 Qb6 14. Ne5 Bxe5 15. fxe5 Rad8 16. Qe4 h5 17. Kf2 Ng7 18. Bh6 Qxb2+ 19. Kg3 Nf5+ 20. Qxf5 Bxf5 21. Bxf8 Qxc3+ 0-1


[Site "https://www.chess.com"]

[Event "Titled Tuesday Blitz May 30 Early 2023"]
[White "Lopez Del Alamo, Antonio"]
[Black "Melikyan, Gnel"]
[WhiteFideId "2227339"]
[BlackFideId "54109990"]
[WhiteElo "2175"]
[BlackElo "2138"]
[Result "0-1"]
[Round "04"]
[TimeControl "180+2"]
[Date "2023.05.30"]
[WhiteClock "0:00:00"]
[BlackClock "0:00:12"]

1. e4 e5 2. Bc4 Bc5 3. Nc3 Nf6 4. d3 d6 5. Na4 Bb4+ 6. c3 Ba5 7. b4 Bb6 8. Nxb6 axb6 9. Bb3 Be6 10. Bc2 O-O 11. a3 Nbd7 12. Nf3 h6 13. O-O Re8 14. Re1 c6 15. h3 b5 16. a4 bxa4 17. Rxa4 b5 18. Rxa8 Qxa8 19. Bb2 Qa2 20. Qb1 Ra8 21. Nd2 Nb6 22. Qc1 Na4 23. Ba1 c5 24. c4 bxc4 25. dxc4 cxb4 26. f4 Nc3 27. Bb3 Ne2+ 28. Rxe2 Qxa1 29. Qxa1 Rxa1+ 30. Kh2 exf4 31. Nf3 Nd7 32. Nd4 Nc5 33. e5 dxe5 34. Rxe5 Nxb3 35. Nxb3 Ra3 36. Nd2 Ra2 37. Nf3 Bxc4 38. Re4 Bd5 39. Rxf4 b3 40. Kg3 Rc2 41. Rb4 b2 42. Ng5 Rxg2+ 43. Kf4 hxg5+ 44. Ke5 Be6 0-1


[Site "https://www.chess.com"]

[Event "Titled Tuesday Blitz May 30 Early 2023"]
[White "Souleidis, Georgios"]
[Black "Kazmin_Semyon"]
[WhiteFideId "4206827"]
[WhiteElo "2401"]
[BlackElo "2397"]
[Result "1-0"]
[Round "04"]
[TimeControl "180+2"]
[Date "2023.05.30"]
[WhiteClock "0:00:10"]
[BlackClock "0:00:01"]

1. e4 e6 2. d4 d5 3. Nc3 Bb4 4. Ne2 dxe4 5. a3 Bxc3+ 6. Nxc3 c5 7. Bb5+ Bd7 8. dxc5 Nf6 9. O-O O-O 10. Be3 Nc6 11. Qe2 Qc7 12. Rfd1 Rfd8 13. Bg5 Qe5 14. Bxf6 gxf6 15. Qxe4 Qxc5 16. Qg4+ Kh8 17. Qh4 Qg5 18. Qxg5 fxg5 19. Ne4 h6 20. Nc5 Be8 21. Nxb7 Rxd1+ 22. Rxd1 Rb8 23. Bxc6 Bxc6 24. Rd8+ Rxd8 25. Nxd8 Be4 26. Nxf7+ Kg7 27. Nd6 Bxc2 28. f3 Kf6 29. Kf2 Ke5 30. Nb5 a6 31. Nc7 a5 32. Ke3 Ba4 33. Na6 Kd5 34. Nc7+ Kd6 35. Na6 Bb5 36. Nb8 Kc7 37. Kd4 Kxb8 38. Ke5 Bc4 39. Kf6 Kc7 40. Kg6 Kd6 41. Kxh6 Ke5 42. Kxg5 Bf1 43. g4 Kd4 44. f4 Ke4 45. h4 Kd5 46. h5 Kd6 47. Kf6 e5 48. fxe5+ Kd7 49. h6 Ke8 50. h7 1-0


[Site "https://www.chess.com"]

[Event "Titled Tuesday Blitz May 30 Early 2023"]
[White "Arabidze, Meri"]
[Black "Sovetbekova, Nurai"]
[WhiteFideId "13604040"]
[BlackFideId "13801910"]
[WhiteElo "2405"]
[BlackElo "1857"]
[Result "1-0"]
[Round "04"]
[TimeControl "180+2"]
[Date "2023.05.30"]
[WhiteClock "0:01:00"]
[BlackClock "0:00:09"]

1. Nf3 Nf6 2. b3 e6 3. Bb2 Be7 4. e3 d5 5. c4 O-O 6. Nc3 c5 7. cxd5 Nxd5 8. Bc4 Nc6 9. O-O b6 10. Rc1 Bb7 11. Bxd5 exd5 12. d4 cxd4 13. Nxd4 Nxd4 14. Qxd4 Bf6 15. Qg4 Rc8 16. Na4 Bxb2 17. Nxb2 Qf6 18. Na4 h6 19. h3 Rfe8 20. Rfd1 Bc6 21. Nc3 Red8 22. Nxd5 Qe5 23. Nf4 Bd7 24. Rxc8 Bxg4 25. Rcxd8+ Kh7 26. hxg4 Qb2 27. R8d2 Qc3 28. g3 g6 29. Rd7 Kg7 30. Rxa7 g5 31. Nh5+ Kf8 32. Rd8# 1-0


[Site "https://www.chess.com"]

[Event "Titled Tuesday Blitz May 30 Early 2023"]
[White "Vaglio Munoz, Jaime"]
[Black "NikaVolkov"]
[WhiteFideId "6500145"]
[WhiteElo "2199"]
[BlackElo "2628"]
[Result "0-1"]
[Round "04"]
[TimeControl "180+2"]
[Date "2023.05.30"]
[WhiteClock "0:01:39"]
[BlackClock "0:02:45"]

1. Nf3 e6 2. c4 d5 3. b3 Nf6 4. Bb2 Be7 5. g3 O-O 6. Bg2 c5 7. cxd5 Nxd5 8. O-O Bf6 9. Qc1 Nc6 10. Nc3 b6 11. Rd1 Bb7 12. a3 Rc8 13. Ra2 Nd4 14. Nxd5 Nxe2+ 15. Kf1 Nxc1 16. Bxf6 gxf6 17. Rxc1 Qxd5 18. Rc3 Rfd8 19. Re3 c4 20. bxc4 Rxc4 21. Ra1 Qb5 22. Kg1 Bxf3 23. Bxf3 Rxd2 0-1


[Site "https://www.chess.com"]

[Event "Titled Tuesday Blitz May 30 Early 2023"]
[White "Bashkansky, Ethan"]
[Black "RobertDowneyJr0111"]
[WhiteFideId "2071533"]
[WhiteElo "2327"]
[BlackElo "2625"]
[Result "0-1"]
[Round "04"]
[TimeControl "180+2"]
[Date "2023.05.30"]
[WhiteClock "0:00:16"]
[BlackClock "0:01:12"]

1. d4 d5 2. c4 c6 3. Nc3 Nf6 4. e3 e6 5. Nf3 Nbd7 6. Bd3 Bd6 7. O-O dxc4 8. Bxc4 Qe7 9. e4 e5 10. d5 Nb6 11. b3 O-O 12. Bb2 Nxc4 13. bxc4 Bg4 14. Qd3 Rac8 15. Rfc1 Rfd8 16. Ne2 b5 17. dxc6 Bc5 18. Qb3 Nxe4 19. cxb5 Nxf2 20. Kf1 Nd3 21. Rd1 e4 22. Rxd3 Rxd3 23. Qc4 exf3 24. Qxd3 fxe2+ 25. Ke1 Rd8 0-1


[Site "https://www.chess.com"]

[Event "Titled Tuesday Blitz May 30 Early 2023"]
[White "Lenaerts, Lennert"]
[Black "FunnyDuck66"]
[WhiteFideId "211435"]
[WhiteElo "2334"]
[BlackElo "2289"]
[Result "1-0"]
[Round "04"]
[TimeControl "180+2"]
[Date "2023.05.30"]
[WhiteClock "0:02:07"]
[BlackClock "0:00:01"]

1. d4 Nf6 2. c4 e6 3. Nc3 Bb4 4. g3 O-O 5. Bg2 d6 6. Nf3 Qe7 7. O-O Bxc3 8. bxc3 e5 9. c5 e4 10. cxd6 cxd6 11. Nd2 d5 12. f3 exf3 13. Nxf3 Nc6 14. Qb3 Na5 15. Qb5 Nc4 16. Bg5 a6 17. Bxf6 Qxf6 18. Qxd5 Ne3 19. Qb3 Nxf1 20. Rxf1 Qe6 21. Ne5 Qxb3 22. axb3 Rb8 23. e4 f6 24. Nc4 b5 25. Nd6 Be6 26. b4 Rfd8 27. e5 fxe5 28. dxe5 Rb6 29. Ra1 Rd7 30. Kf2 Rc7 31. Ra3 Kf8 32. Ke3 Ke7 33. Kd4 Ra7 34. Ra1 Rxd6+ 35. exd6+ Kxd6 36. h4 h6 37. Be4 Bc4 38. g4 g5 39. hxg5 hxg5 40. Rh1 Be6 41. Rh6 Re7 42. Bf5 Kd7 43. Rxe6 Rxe6 44. Kd5 1-0


[Site "https://www.chess.com"]

[Event "Titled Tuesday Blitz May 30 Early 2023"]
[White "Al-Tarboush, Ward"]
[Black "Lonoff, Marc"]
[WhiteFideId "7601450"]
[BlackFideId "2001349"]
[WhiteElo "2265"]
[BlackElo "2142"]
[Result "1-0"]
[Round "04"]
[TimeControl "180+2"]
[Date "2023.05.30"]
[WhiteClock "0:02:03"]
[BlackClock "0:00:00"]

1. e4 e6 2. d4 d5 3. exd5 exd5 4. Bd3 Nf6 5. Bg5 Be7 6. Ne2 h6 7. Bf4 c5 8. dxc5 Bxc5 9. O-O O-O 10. Nd2 Nc6 11. Nb3 Bb6 12. Qd2 Ne4 13. Qc1 Qf6 14. Ng3 Nxf2 15. Rxf2 Bxf2+ 16. Kxf2 g5 17. Nh5 Qe7 18. Be3 Bg4 19. Bc5 Qe5 20. Bxf8 Bxh5 21. Bc5 Re8 22. Qd2 Qxh2 23. Re1 Qh4+ 24. Kf1 Ne5 25. Qf2 Qh1+ 26. Qg1 Qh4 27. g3 Qh3+ 28. Qg2 Qg4 29. Nd2 1-0


[Site "https://www.chess.com"]

[Event "Titled Tuesday Blitz May 30 Early 2023"]
[White "Atoufi, Pedram"]
[Black "Nasir, Zehn"]
[WhiteFideId "12501654"]
[BlackFideId "2613239"]
[WhiteElo "2228"]
[BlackElo "1993"]
[Result "1/2-1/2"]
[Round "04"]
[TimeControl "180+2"]
[Date "2023.05.30"]
[WhiteClock "0:00:03"]
[BlackClock "0:00:08"]

1. e4 c6 2. Nf3 d5 3. e5 Bg4 4. d4 e6 5. Bd3 c5 6. Nbd2 Nc6 7. h3 Bxf3 8. Nxf3 cxd4 9. c3 dxc3 10. bxc3 Bc5 11. Rb1 Qc7 12. Bf4 Nge7 13. Nd4 a6 14. Qc2 Ng6 15. Bg3 Ngxe5 16. O-O Bd6 17. Nxc6 bxc6 18. Bxe5 Bxe5 19. Rfe1 g6 20. c4 O-O 21. cxd5 cxd5 22. Qxc7 Bxc7 23. Rec1 Bf4 24. Rc5 a5 25. Kf1 Bd6 26. Rc6 Bb4 27. g3 Rfc8 28. Rbc1 Rxc6 29. Rxc6 Ra7 30. Ke2 e5 31. Bc2 Kf8 32. Bb3 Rd7 33. Rb6 Ke7 34. Rb5 Ke6 35. f3 f5 36. Rb6+ Rd6 37. Rb7 h5 38. Rb5 e4 39. f4 Bc3 40. a3 a4 41. Bxa4 d4 42. Bb3+ Kf6 43. Rb7 d3+ 44. Ke3 Bd4+ 45. Kd2 g5 46. h4 gxf4 47. gxf4 Bf2 48. Rf7+ Kg6 49. Re7 e3+ 50. Rxe3 Bxe3+ 51. Kxe3 d2 52. Bd1 Ra6 53. a4 Rd6 54. Ke2 Rd4 55. a5 Rxf4 56. a6 Re4+ 57. Kxd2 Re6 58. Be2 Re7 59. Bd3 Kf6 60. Be2 Ra7 61. Ke3 Ke5 62. Bb5 f4+ 63. Kf3 Rc7 64. Be8 Rc3+ 65. Ke2 Ra3 66. Bxh5 Rxa6 67. Bf7 Rf6 68. Be8 Ra6 69. Kf3 Ra3+ 70. Ke2 Ke4 71. Bc6+ Kf5 72. Bd7+ Ke5 73. Kf2 Rg3 74. h5 Kd6 75. Bc8 Ke5 76. Bb7 Rg5 77. Bf3 Rg7 78. Be2 Kf5 79. h6 Rg8 80. h7 Rh8 81. Bd3+ Kg4 82. Be2+ Kg5 83. Bd3 Rd8 84. Be2 Kh6 85. Kf3 Rf8 86. h8=Q+ Rxh8 87. Kxf4 Rf8+ 88. Ke4 Kg5 89. Bd3 Re8+ 90. Kd4 Kf4 91. Bb1 Rb8 92. Ba2 Ra8 93. Bd5 Rd8 94. Kc5 Ke5 95. Bf3 Rc8+ 96. Bc6 Rc7 97. Kb6 Kd6 98. Ba4 Rc1 99. Kb5 Ra1 100. Bb3 Rb1 101. Kc4 Rh1 102. Ba2 Rh3 103. Kd4 Rh4+ 104. Kd3 Kc5 105. Bb1 Rd4+ 106. Ke3 Rb4 107. Bg6 Kd5 108. Bh5 Ke5 109. Bf7 Ra4 110. Kd3 Ra7 111. Be8 Ra8 112. Bb5 Rb8 113. Ba6 Rb6 114. Bc4 Rb4 115. Bf7 Ra4 116. Bg6 Ra3+ 117. Kc4 Rg3 118. Bb1 Rg4+ 119. Kd3 Rg1 120. Ba2 Rg3+ 121. Kc4 Rg2 122. Bb1 Rb2 123. Bg6 Rb8 124. Bc2 Rc8+ 125. Kb3 Kd4 126. Bf5 Rb8+ 127. Kc2 Rb7 128. Bd3 Rb6 129. Bf5 Ra6 130. Bd7 Ra2+ 131. Kb3 Ra8 132. Ba4 Kc5 133. Bd7 Rh8 134. Be6 Rh6 135. Bf5 Rf6 136. Bg4 Rf4 137. Bf5 1/2-1/2


[Site "https://www.chess.com"]

[Event "Titled Tuesday Blitz May 30 Early 2023"]
[White "Zhigalko, Sergei"]
[Black "rionelG"]
[WhiteFideId "13502956"]
[WhiteElo "2626"]
[BlackElo "2127"]
[Result "1-0"]
[Round "04"]
[TimeControl "180+2"]
[Date "2023.05.30"]
[WhiteClock "0:02:53"]
[BlackClock "0:01:17"]

1. e4 c5 2. Nf3 d6 3. d4 cxd4 4. Qxd4 Nc6 5. Bb5 Bd7 6. Bxc6 Bxc6 7. Nc3 Nf6 8. Bg5 e6 9. O-O-O Be7 10. Rhe1 O-O 11. Kb1 Qa5 12. Qd2 Qc7 13. Nd4 Rfc8 14. f3 a6 15. g4 b5 16. Nce2 a5 17. Ng3 b4 18. Nh5 Nxh5 19. gxh5 Bxg5 20. Qxg5 Qd8 21. Qxd8+ Rxd8 22. Nxc6 1-0


[Site "https://www.chess.com"]

[Event "Titled Tuesday Blitz May 30 Early 2023"]
[White "Kubicka, Anna"]
[Black "Petrosyan, Manuel"]
[WhiteFideId "1152254"]
[BlackFideId "13300857"]
[WhiteElo "2144"]
[BlackElo "2576"]
[Result "0-1"]
[Round "04"]
[TimeControl "180+2"]
[Date "2023.05.30"]
[WhiteClock "0:00:02"]
[BlackClock "0:00:08"]

1. e4 c5 2. Ne2 Nc6 3. g3 d5 4. Bg2 dxe4 5. O-O Nf6 6. Nec3 Bg4 7. Qe1 Nd4 8. Nxe4 Nf3+ 9. Bxf3 Bxf3 10. Nxf6+ gxf6 11. Qe3 Bc6 12. Qxc5 e6 13. Qh5 f5 14. Nc3 Bg7 15. d3 Bxc3 16. bxc3 Qd5 17. f3 Qc5+ 18. Kg2 Qxc3 19. Bg5 Rg8 20. h4 Qg7 21. Rae1 Kd7 22. Kh2 f6 23. Bf4 Rae8 24. c4 e5 25. Qxf5+ Kc7 26. d4 exf4 27. Qxf4+ Kc8 28. d5 Bd7 29. c5 Rxe1 30. Rxe1 Re8 31. Rxe8+ Bxe8 32. Qe4 Bg6 33. Qe6+ Qd7 34. Qg8+ Kc7 35. d6+ Kc6 36. Qc4 Qd8 37. g4 Be8 38. a4 a6 39. Qb4 Bd7 40. Kg3 h6 41. Qd4 f5 42. gxf5 Bxf5 43. Qe5 Bd7 44. f4 Qg8+ 45. Kf2 Qd5 46. Qxd5+ Kxd5 47. Ke2 Kxc5 48. f5 Kxd6 49. Ke3 Bxf5 50. Kf4 Bd7 51. a5 Kc7 52. Ke5 b6 53. axb6+ Kxb6 54. Kd4 a5 55. Kc4 a4 56. Kb4 Kc7 57. Kc3 Kd8 58. Kb4 Ke7 0-1


[Site "https://www.chess.com"]

[Event "Titled Tuesday Blitz May 30 Early 2023"]
[White "Staudenhocker43"]
[Black "Bryakin, Mikhail"]
[BlackFideId "4165314"]
[WhiteElo "2528"]
[BlackElo "2467"]
[Result "0-1"]
[Round "04"]
[TimeControl "180+2"]
[Date "2023.05.30"]
[WhiteClock "0:00:00"]
[BlackClock "0:01:18"]

1. e4 Nc6 2. Nf3 d5 3. exd5 Qxd5 4. Nc3 Qd6 5. Nb5 Qd8 6. d4 a6 7. Nc3 Bg4 8. d5 Ne5 9. Be2 Nxf3+ 10. Bxf3 Bxf3 11. Qxf3 Nf6 12. Bg5 Qd7 13. O-O-O O-O-O 14. h3 h6 15. Bf4 g5 16. Be5 Bg7 17. Rhe1 Rhe8 18. Kb1 Rg8 19. a3 g4 20. hxg4 Nxg4 21. Bg3 Rdf8 22. Re4 Nf6 23. Rc4 Ne8 24. Qe3 Kb8 25. Ne4 Nd6 26. Nxd6 exd6 27. Re4 Re8 28. Re1 Rxe4 29. Qxe4 Bf6 30. c3 Qb5 31. Ka2 a5 32. a4 Qd7 33. Ka3 h5 34. Re2 b6 35. Bf4 Kb7 36. g3 h4 37. gxh4 Rg4 38. Qf3 Be5 39. Re4 Bh8 40. Bg3 Rg8 41. Rf4 f6 42. Re4 f5 43. Re6 Rg4 44. b3 Qh7 45. Re2 Rg8 46. Qd3 Qg7 47. Rc2 Qf7 48. Qc4 Kb8 49. Re2 Bf6 50. h5 Bg5 51. Bf4 Bxf4 52. Qxf4 Qxh5 53. Re7 Qd1 0-1


[Site "https://www.chess.com"]

[Event "Titled Tuesday Blitz May 30 Early 2023"]
[White "Baches Garcia, Guillermo"]
[Black "Ilamparthi A R"]
[WhiteFideId "2209764"]
[BlackFideId "45015775"]
[WhiteElo "2526"]
[BlackElo "2348"]
[Result "0-1"]
[Round "04"]
[TimeControl "180+2"]
[Date "2023.05.30"]
[WhiteClock "0:00:00"]
[BlackClock "0:00:17"]

1. e4 c5 2. Nf3 d6 3. d4 cxd4 4. Nxd4 Nf6 5. Nc3 g6 6. Be3 Bg7 7. f3 O-O 8. Qd2 Nc6 9. O-O-O d5 10. Nxc6 bxc6 11. Bh6 Bxh6 12. Qxh6 e5 13. h4 Be6 14. Qg5 Qe7 15. Qxe5 Rab8 16. b3 a5 17. h5 Nd7 18. Qh2 g5 19. exd5 cxd5 20. Nxd5 Bxd5 21. Rxd5 Nb6 22. Re5 Qa3+ 23. Kd2 f6 24. Rb5 Rbd8+ 25. Bd3 Nd5 26. Rb7 Nf4 27. Re1 Rxd3+ 28. cxd3 Qb2+ 29. Kd1 Qb1+ 30. Kd2 Qxd3+ 31. Kc1 Qc3+ 0-1


[Site "https://www.chess.com"]

[Event "Titled Tuesday Blitz May 30 Early 2023"]
[White "Bruedigam, Martin"]
[Black "Papasimakopoulos, Alexandros"]
[WhiteFideId "24608033"]
[BlackFideId "4244125"]
[WhiteElo "2331"]
[BlackElo "2359"]
[Result "0-1"]
[Round "04"]
[TimeControl "180+2"]
[Date "2023.05.30"]
[WhiteClock "0:02:05"]
[BlackClock "0:01:53"]

1. d4 Nf6 2. c4 e6 3. Nc3 Bb4 4. Bd2 O-O 5. Nf3 d6 6. e3 Re8 7. Be2 e5 8. O-O e4 9. Nxe4 Nxe4 10. Bxb4 Nc6 11. Qc2 Nxb4 12. Qb1 Bf5 13. Qc1 c5 14. Rd1 Qf6 15. a3 Nc6 16. d5 Ne5 17. Nxe5 Qxe5 18. Bd3 Bg6 19. Bxe4 Qxe4 20. Qd2 Qxc4 0-1


[Site "https://www.chess.com"]

[Event "Titled Tuesday Blitz May 30 Early 2023"]
[White "Horak, Martin"]
[Black "Samunenkov, Ihor"]
[WhiteFideId "367095"]
[BlackFideId "14187086"]
[WhiteElo "2091"]
[BlackElo "2457"]
[Result "0-1"]
[Round "04"]
[TimeControl "180+2"]
[Date "2023.05.30"]
[WhiteClock "0:00:08"]
[BlackClock "0:00:39"]

1. d4 d5 2. c4 e6 3. Nf3 Nf6 4. Nc3 a6 5. cxd5 exd5 6. Bf4 Bd6 7. Bxd6 Qxd6 8. e3 O-O 9. Bd3 Bg4 10. Qc2 Bxf3 11. gxf3 Nbd7 12. O-O c5 13. dxc5 Nxc5 14. Ne2 Rac8 15. Qd2 Qe5 16. Nd4 Ne6 17. Nf5 Ng5 18. Kg2 Nfe4 19. fxe4 dxe4 20. f4 Qxf5 21. fxg5 Qxg5+ 22. Kh1 Rcd8 23. Rg1 Rxd3 24. Qxd3 Qxg1+ 25. Kxg1 exd3 26. Kf2 Rc8 27. Rd1 Rc2+ 28. Kf3 Rxb2 29. Rxd3 g6 30. a4 Rxh2 31. Rb3 Ra2 32. Rb4 a5 33. Rxb7 Rxa4 34. e4 Rb4 35. Ra7 a4 36. Kf4 h5 37. Ke5 h4 38. Kf6 Rxe4 39. Ra8+ Kh7 40. Kxf7 h3 41. Kf6 h2 42. Ra7+ Kh6 43. Ra8 Rf4+ 44. Ke5 Rf7 45. Ke6 h1=Q 0-1


[Site "https://www.chess.com"]

[Event "Titled Tuesday Blitz May 30 Early 2023"]
[White "Shukhman, Anna"]
[Black "Goltsev, Dmitry"]
[WhiteFideId "54180058"]
[BlackFideId "24176710"]
[WhiteElo "2235"]
[BlackElo "2356"]
[Result "1-0"]
[Round "04"]
[TimeControl "180+2"]
[Date "2023.05.30"]
[WhiteClock "0:01:22"]
[BlackClock "0:00:52"]

1. e4 e6 2. d4 d5 3. Nc3 c5 4. exd5 exd5 5. Nf3 Nf6 6. Be2 Nc6 7. O-O Bd6 8. dxc5 Bxc5 9. Bg5 O-O 10. Bxf6 Qxf6 11. Qxd5 Bb6 12. Rad1 Bg4 13. h3 Bf5 14. Bd3 Ne7 15. Qe5 Qxe5 16. Nxe5 Be6 17. Be4 Rab8 18. Nd7 Bxd7 19. Rxd7 Nc6 20. Rfd1 Rfe8 21. Rxb7 Nd4 22. Rxb8 Rxb8 23. Nd5 Bc5 24. b4 Re8 25. bxc5 Rxe4 26. Nc3 Rf4 27. g3 Nf3+ 28. Kg2 Rc4 29. Rd8# 1-0


[Site "https://www.chess.com"]

[Event "Titled Tuesday Blitz May 30 Early 2023"]
[White "Ronka, Erik"]
[Black "Weishaeutel, Moritz"]
[WhiteFideId "505080"]
[BlackFideId "12967300"]
[WhiteElo "2264"]
[BlackElo "2301"]
[Result "1-0"]
[Round "04"]
[TimeControl "180+2"]
[Date "2023.05.30"]
[WhiteClock "0:00:11"]
[BlackClock "0:00:10"]

1. e4 e5 2. Nf3 Nf6 3. Nc3 Nc6 4. d4 exd4 5. Nxd4 Bb4 6. Nxc6 bxc6 7. Bd3 d5 8. Bd2 O-O 9. O-O Rb8 10. h3 Re8 11. exd5 cxd5 12. Re1 Rxe1+ 13. Qxe1 Be6 14. b3 c6 15. Na4 Bd6 16. Be3 Ne4 17. Bxe4 dxe4 18. Bxa7 Ra8 19. Bc5 Be5 20. Rd1 Qh4 21. Bd4 Bc7 22. Bb6 Be5 23. Bd4 Bc7 24. Bb6 Bxb6 25. Nxb6 Rxa2 26. Qxe4 Qe7 27. Qxc6 h6 28. Qd6 Qb7 29. c4 g6 30. Qd8+ Kh7 31. Qd4 Ra6 32. Nd5 Qxb3 33. Nf6+ Kg7 34. Nh5+ Kf8 35. Qg7+ Ke8 36. Qh8+ Ke7 37. Qf6+ Ke8 38. Rd8# 1-0


[Site "https://www.chess.com"]

[Event "Titled Tuesday Blitz May 30 Early 2023"]
[White "Oleksiyenko, Mykhaylo"]
[Black "LangesNasenhaar"]
[WhiteFideId "4152417"]
[WhiteElo "2551"]
[BlackElo "2506"]
[Result "1-0"]
[Round "04"]
[TimeControl "180+2"]
[Date "2023.05.30"]
[WhiteClock "0:00:45"]
[BlackClock "0:00:09"]

1. e4 d6 2. d4 Nf6 3. Nc3 Nbd7 4. f4 e5 5. Nf3 exd4 6. Qxd4 c6 7. Be3 d5 8. e5 Ng4 9. Bg1 Bc5 10. Qd2 Bxg1 11. Rxg1 Qb6 12. O-O-O Nxh2 13. Nd4 Nxf1 14. Rgxf1 Nc5 15. f5 Qd8 16. g4 Qh4 17. Rh1 Qe7 18. g5 Qxe5 19. Rhe1 Ne4 20. Nxe4 dxe4 21. Nxc6 bxc6 22. Qd8# 1-0


[Site "https://www.chess.com"]

[Event "Titled Tuesday Blitz May 30 Early 2023"]
[White "Ljukin, Sergei"]
[Black "Levitskiy, Andrey"]
[WhiteFideId "14102200"]
[BlackFideId "14132885"]
[WhiteElo "2312"]
[BlackElo "2347"]
[Result "0-1"]
[Round "04"]
[TimeControl "180+2"]
[Date "2023.05.30"]
[WhiteClock "0:00:01"]
[BlackClock "0:00:26"]

1. e4 e6 2. d4 d5 3. Nc3 Bb4 4. e5 c5 5. a3 Bxc3+ 6. bxc3 Qa5 7. Bd2 Qa4 8. Qg4 Kf8 9. Nf3 Ne7 10. Bd3 c4 11. Be2 Qxc2 12. O-O Nbc6 13. a4 b6 14. Qh3 Qf5 15. Qg3 h6 16. Rac1 Na5 17. Bd1 Nb3 18. Bc2 Nxc1 19. Rxc1 Qh5 20. Qf4 Ng6 21. Qg3 Bd7 22. Ra1 Ne7 23. h3 Nf5 24. Qh2 Qg6 25. g4 Nh4 26. Ne1 Qxc2 27. Nxc2 Nf3+ 28. Kg2 Nxh2 29. Kxh2 Ke7 30. Bc1 Rhb8 31. Ba3+ Ke8 32. Bd6 Rb7 33. f4 a5 34. Na3 Bxa4 35. f5 Bd7 36. fxe6 Bxe6 37. Nb5 Kd7 38. Kg3 a4 39. Ra3 Ra5 0-1


[Site "https://www.chess.com"]